 Dungeon Crawl Stone Soup version 0.25-a0-975-gcae8493d64 (webtiles) character file.

Game seed: 6929767735204382368, levelgen mode: deterministic

5822 gruber the Destroyer (level 10, 0/74 HPs)
             Began as a Gnoll Conjurer on May 9, 2020.
             Was a Believer of Okawaru.
             Killed by vampiric draining
             ... invoked by a vampire
              (9 damage)
             ... on level 10 of the Dungeon.
             The game lasted 00:16:58 (11934 turns).

gruber the Destroyer (Gnoll Conjurer)              Turns: 11934, Time: 00:16:59

Health: 0/74       AC: 13    Str: 12    XL:     10   Next: 80%
Magic:  19/21      EV: 19    Int: 23    God:    Okawaru [**....]
Gold:   769        SH:  0    Dex: 20    Spells: 18/24 levels left

rFire    . . .     SeeInvis .   M - +7 hand axe "Decymnie" {venom, Int+3 Dex+5}
rCold    + . .     Gourm    .   (no shield)
rNeg     . . .     Faith    .   K - +2 ring mail of Death's Door {rPois rCorr}
rPois    +         Spirit   .   R - +0 helmet
rElec    .         Reflect  .   A - +0 cloak
rCorr    +         Harm     .   t - +0 pair of gloves
MR       .....                  (no boots)
Stlth    +++++.....             (no amulet)
HPRegen  0.22/turn              X - ring of resist corrosion
MPRegen  0.17/turn              a - ring of protection from cold

@: heroism, hasted, very quick
A: distributed training, fangs 1, strong nose
a: Heroism, Renounce Religion


You were on level 10 of the Dungeon.
You worshipped Okawaru.
Okawaru was pleased with you.
You were not hungry.

You visited 2 branches of the dungeon, and saw 11 of its levels.
You also visited: Sewer and Ossuary.

You collected 769 gold pieces.

Inventory:

Hand Weapons
 D - a +6 dagger
 G - the +8 hunting sling "Ogilinaca" {speed, SInv}
   (You took it off an orc on level 4 of the Dungeon)

   Attacks with this weapon are significantly faster.
   It lets you see invisible.
 J - a +2 falchion of flaming
 M - the +7 hand axe "Decymnie" (weapon) {venom, Int+3 Dex+5}
   (You found it on level 5 of the Dungeon)

   It poisons the flesh of those it strikes.
   It affects your intelligence (+3).
   It affects your dexterity (+5).
Missiles
 o - 47 poisoned darts (quivered)
 H - 293 stones
 N - 37 sling bullets
 T - 6 datura-tipped darts
 V - 7 curare-tipped darts
Armour
 t - a +0 pair of gloves (worn)
 A - a +0 cloak (worn)
 K - the +2 ring mail of Death's Door (worn) {rPois rCorr}
   (You found it on level 5 of the Dungeon)

   It protects you from poison.
   It provides partial protection from all sources of acid and corrosion.
 R - a +0 helmet (worn)
Magical Staves
 s - an uncursed staff of poison
Jewellery
 a - a ring of protection from cold (right hand)
 S - an uncursed ring of positive energy
 X - a ring of resist corrosion (left hand)
Wands
 m - a wand of random effects (21)
 q - a wand of paralysis (28)
 z - a wand of iceblast (17)
 O - a wand of clouds (4)
 P - a wand of disintegration (8)
 Q - a wand of flame (27)
Scrolls
 b - 6 scrolls of immolation
 d - 21 scrolls of identify
 f - 3 scrolls of magic mapping {unknown}
 g - 4 scrolls of fog {unknown}
 h - 7 scrolls of remove curse
 j - 6 scrolls of teleportation
 l - 4 scrolls of amnesia {unknown}
 n - a scroll of enchant weapon {unknown}
 y - 4 scrolls of enchant armour {unknown}
 C - a scroll of acquirement {unknown}
 E - 2 scrolls of noise {unknown}
Potions
 e - 3 potions of mutation {unknown}
 i - 14 potions of curing {unknown}
 k - 2 potions of haste
 p - a potion of brilliance {unknown}
 r - 5 potions of heal wounds {unknown}
 v - a potion of invisibility {unknown}
 w - 7 potions of might
 x - 2 potions of degeneration {unknown}
 B - 4 potions of flight {unknown}
 F - 2 potions of magic {unknown}
 I - 2 potions of cancellation {unknown}
 L - 2 potions of resistance {unknown}
 U - a potion of lignification {unknown}
Comestibles
 c - 16 rations
 W - 2 chunks of flesh


   Skills:
 + Level 5.5(10.5) Fighting
 + Level 5.5(10.5) Short Blades
 + Level 5.5(10.5) Long Blades
 + Level 5.5(10.5) Axes
 + Level 5.5(10.5) Maces & Flails
 + Level 5.5(10.5) Polearms
 + Level 5.5(10.5) Staves
 + Level 5.5(10.5) Slings
 + Level 5.5(10.5) Bows
 + Level 5.5(10.5) Crossbows
 + Level 5.5(10.5) Throwing
 + Level 5.5(10.5) Armour
 + Level 7.2(12.2) Dodging
 + Level 7.0(12.0) Stealth
 + Level 5.5(10.5) Shields
 + Level 5.5(10.5) Unarmed Combat
 + Level 7.5 Spellcasting
 + Level 8.5 Conjurations
 + Level 4.5 Hexes
 + Level 4.5 Charms
 + Level 4.5 Summonings
 + Level 4.5 Necromancy
 + Level 4.5 Translocations
 + Level 4.5 Transmutations
 + Level 4.5 Fire Magic
 + Level 4.5 Ice Magic
 + Level 4.5 Air Magic
 + Level 4.5 Earth Magic
 + Level 4.5 Poison Magic
 + Level 6.0 Invocations
 + Level 5.5 Evocations


You had 18 spell levels left.
You knew the following spells:

 Your Spells              Type           Power        Failure   Level  Hunger
a - Magic Dart            Conj           ####         1%          1    None
b - Searing Ray           Conj           #####.       1%          2    None
c - Dazzling Flash        Conj/Hex       #####.       2%          3    None

Your spell library contained the following spells:

 Spells                   Type           Power        Failure   Level  Hunger
 Beastly Appendage        Tmut           ####..       2%          1    None
 Sticks to Snakes         Tmut           ####....     3%          2    None
 Confusing Touch          Hex            ####....     6%          3    None
 Gell's Gravitas          Tloc           ####......   6%          3    None
 Spider Form              Tmut/Pois      ####......   6%          3    None
 Fulminant Prism          Conj/Hex       #####.....   10%         4    ###....
 Iskenderun's Mystic Bla  Conj/Tloc      #####...     10%         4    ###....
 Ice Form                 Ice/Tmut       ####....     22%         4    ###....
 Petrify                  Tmut/Erth      ####....     22%         4    ###....
 Blade Hands              Tmut           ####......   52%         5    #####..
 Metabolic Englaciation   Hex/Ice        ####......   52%         5    #####..
 Yara's Violent Unravell  Hex/Tmut       ####......   52%         5    #####..


Dungeon Overview and Level Annotations

Branches:
Dungeon (10/15)            Temple (1/1) D:7            Lair (0/6) D:9
  Sewer (visited)         Ossuary (visited)
    Orc: D:9-12

Altars:
Ashenzari
Cheibriados
Dithmenos
Elyvilon
Fedhas
Gozag
Hepliaklqana
Kikubaaqudgha
Makhleb
Nemelex Xobeh
Okawaru
Qazlal
Ru
Sif Muna
Trog
Uskayaw
Vehumet
Wu Jian
Xom
Yredelemnul
Zin
The Shining One

Annotations:
D:3 2 runed translucent doors, krystol's ghost, amateur DsGl
D:8 2 transporters, bmj180's ghost, novice DrCj


Innate Abilities, Weirdness & Mutations

Your experience applies equally to all skills.
You have very sharp teeth.
Your uncanny sense of smell can sniff out nearby items.


Message History

The vampire hits you but does no damage.
The vampire bites you!
The vampire draws strength from your injuries!
You are too injured to fight recklessly!
You are too injured to fight recklessly!
You feel clever.
You feel agile.
The +7 hand axe "Decymnie" {venom, Int+3 Dex+5} begins to drip with poison!
M - the +7 hand axe "Decymnie" (weapon)
{venom, Int+3 Dex+5} You gain the combat prowess of a mighty hero.
Something barely misses you. Something bites you.
Something draws strength from your injuries!
Deactivating autopickup; reactivate with Ctrl-A.
You slash something! Something barely misses you. Something bites you.
Something draws strength from your injuries!
You hit something.
Unholy energy fills the air.
* * * LOW HITPOINT WARNING * * *
Okay, then.
Unknown command.
You feel yourself speed up.
Unholy energy fills the air.
You die...

#.........
######.........
#########..............
.......................
.......................
#####.................
#.. #.......###.......
#...#.......# #####...
#(..{@......# #...
###(#.......# #...
...........# ##.. ...
.........# #.. ...
..........' #####.. ..
....(......# '...... .
.....((.....# #......
##.....(...... .......
.......


There were no monsters in sight!

Vanquished Creatures
  A troll (D:10)
  2 hippogriffs
  2 wyverns (D:9)
  A hungry ghost (D:6)
  Menkaure (D:4)
  Duvessa (D:5)
  A water moccasin (D:6)
  2 ice beasts
  A phantom (D:7)
  2 sky beasts (D:6)
  2 orc warriors
  A black bear (D:7)
  An eye of draining (D:10)
  7 ogres
  2 centaurs
  3 big kobolds
  A bullfrog (D:8)
  4 scorpions
  Dowan (D:5)
  6 killer bees (D:8)
  9 wights
  2 howler monkeys
  7 crimson imps
  3 hounds
  4 jellies
  6 orc priests
  Crazy Yiuf (D:4)
  8 orc wizards
  Jessica (D:2)
  3 bullfrog skeletons (D:9)
  An iguana (D:8)
  Natasha (thrice) (D:2)
  3 worker ants
  A killer bee zombie (D:5)
  A big kobold zombie (Ossuary)
  A hound zombie (D:8)
  8 mummies (Ossuary)
  3 gnolls (D:4)
  7 adders
  A howler monkey skeleton (D:5)
  8 river rats
  3 shadow imps
  An adder zombie (D:9)
  An adder skeleton (D:7)
  A worm (D:2)
  5 dart slugs
  7 leopard geckos
  35 orcs
  11 ball pythons
  11 bats
  6 giant cockroaches
  5 gnoll zombies
  7 goblins
  6 hobgoblins
  5 jackals (D:3)
  3 quokkas
  8 frilled lizards
  2 hobgoblin zombies (Ossuary)
  26 kobolds
  2 kobold zombies (Ossuary)
  A leopard gecko skeleton (D:4)
  A quokka zombie (D:9)
  32 rats
302 creatures vanquished.

Notes
Turn   | Place    | Note
-------+----------+-------------------------------------------
     0 | D:1      | gruber the Gnoll Conjurer began the quest for the Orb.
     0 | D:1      | Reached XP level 1. HP: 13/13 MP: 6/6
   229 | D:1      | Reached XP level 2. HP: 19/19 MP: 4/7
   265 | D:1      | Learned a level 2 spell: Searing Ray
   570 | D:1      | Reached XP level 3. HP: 25/25 MP: 7/9
   652 | D:1      | Reached skill level 5 in Spellcasting
  1273 | D:2      | Reached skill level 1 in Invocations
  1319 | D:2      | Learned a level 3 spell: Dazzling Flash
  1429 | D:2      | Noticed Jessica
  1431 | D:2      | Killed Jessica
  1431 | D:2      | Reached skill level 1 in Fighting
  1431 | D:2      | Reached skill level 1 in Short Blades
  1431 | D:2      | Reached skill level 1 in Long Blades
  1431 | D:2      | Reached skill level 1 in Axes
  1431 | D:2      | Reached skill level 1 in Maces & Flails
  1431 | D:2      | Reached skill level 1 in Polearms
  1431 | D:2      | Reached skill level 1 in Staves
  1431 | D:2      | Reached skill level 1 in Slings
  1431 | D:2      | Reached skill level 1 in Bows
  1431 | D:2      | Reached skill level 1 in Crossbows
  1431 | D:2      | Reached skill level 1 in Throwing
  1431 | D:2      | Reached skill level 1 in Armour
  1431 | D:2      | Reached skill level 1 in Shields
  1431 | D:2      | Reached skill level 1 in Unarmed Combat
  1431 | D:2      | Reached skill level 1 in Evocations
  1431 | D:2      | Reached XP level 4. HP: 32/32 MP: 8/11
  1436 | D:2      | Reached skill level 1 in Hexes
  1436 | D:2      | Reached skill level 1 in Charms
  1436 | D:2      | Reached skill level 1 in Summonings
  1436 | D:2      | Reached skill level 1 in Necromancy
  1436 | D:2      | Reached skill level 1 in Translocations
  1436 | D:2      | Reached skill level 1 in Transmutations
  1436 | D:2      | Reached skill level 1 in Fire Magic
  1436 | D:2      | Reached skill level 1 in Ice Magic
  1436 | D:2      | Reached skill level 1 in Air Magic
  1436 | D:2      | Reached skill level 1 in Earth Magic
  1436 | D:2      | Reached skill level 1 in Poison Magic
  1437 | D:2      | Reached XP level 5. HP: 37/37 MP: 2/12
  1610 | D:2      | Noticed Natasha
  1623 | D:2      | Killed Natasha
  1686 | D:2      | Noticed Natasha
  1690 | D:2      | Killed Natasha
  1885 | D:2      | Noticed Natasha
  1890 | D:2      | Killed Natasha
  2224 | D:2      | Reached XP level 6. HP: 44/44 MP: 10/13
  2621 | D:3      | Found an ancient bone altar of Kikubaaqudgha.
  3041 | D:3      | Reached skill level 5 in Dodging
  3161 | D:3      | Found a large runed translucent door.
  3162 | D:3      | Found a large runed translucent door.
  3239 | D:3      | Noticed krystol's ghost (amateur DsGl)
  3693 | D:4      | Noticed Menkaure
  3704 | D:4      | Killed Menkaure
  3704 | D:4      | Reached XP level 7. HP: 49/50 MP: 5/15
  4203 | D:4      | Found a runed translucent door.
  4308 | D:4      | Found a glowing drain.
  4349 | Sewer    | Entered a sewer
  4679 | Sewer    | Reached skill level 5 in Stealth
  5368 | Sewer    | Reached XP level 8. HP: 32/57 MP: 4/16
  5907 | D:4      | Identified the +8 hunting sling "Ogilinaca" {speed, SInv}
  6498 | D:4      | Found a shadowy altar of Dithmenos.
  6498 | D:4      | Found a burning altar of Makhleb.
  6500 | D:4      | Found a sparkling altar of Nemelex Xobeh.
  6528 | D:4      | Noticed Crazy Yiuf
  6535 | D:4      | Killed Crazy Yiuf
  6692 | D:5      | Entered Level 5 of the Dungeon
  6887 | D:5      | Got a jet-studded ring mail
  6952 | D:5      | Noticed Duvessa
  6952 | D:5      | Noticed Dowan
  6958 | D:5      | Killed Dowan
  6964 | D:5      | Killed Duvessa
  7095 | D:5      | Found a stormy altar of Qazlal.
  7132 | D:5      | Found a snail-covered altar of Cheibriados.
  7148 | D:5      | Found a hide-covered altar of Uskayaw.
  7306 | D:5      | Found a sand-covered staircase.
  7314 | Ossuary  | Entered an ossuary
  7565 | D:5      | Identified the +2 ring mail of Death's Door {rPois rCorr}
                  | (You found it on level 5 of the Dungeon)
  8040 | D:5      | Reached XP level 9. HP: 65/65 MP: 18/18
  8156 | D:5      | Got a smoking hand axe
  8157 | D:5      | Identified the +7 hand axe "Decymnie" {venom, Int+3 Dex+5}
                  | (You found it on level 5 of the Dungeon)
  8490 | D:6      | Found a shadowy altar of Dithmenos.
  8648 | D:6      | Found a shimmering blue altar of Sif Muna.
  8969 | D:6      | Reached skill level 8 in Conjurations
  9169 | D:7      | Found a staircase to the Ecumenical Temple.
  9180 | Temple   | Entered the Ecumenical Temple
  9297 | Temple   | Became a worshipper of Warmaster Okawaru
  9615 | D:7      | Reached skill level 5 in Invocations
  9805 | D:7      | Reached * piety under Okawaru
  9842 | D:7      | Found a glowing golden altar of the Shining One.
  9933 | D:7      | Found a basalt altar of Yredelemnul.
 10012 | D:8      | Reached XP level 10. HP: 73/73 MP: 20/20
 10212 | D:8      | Reached skill level 5 in Fighting
 10212 | D:8      | Reached skill level 5 in Short Blades
 10212 | D:8      | Reached skill level 5 in Long Blades
 10212 | D:8      | Reached skill level 5 in Axes
 10212 | D:8      | Reached skill level 5 in Maces & Flails
 10212 | D:8      | Reached skill level 5 in Polearms
 10212 | D:8      | Reached skill level 5 in Staves
 10212 | D:8      | Reached skill level 5 in Slings
 10212 | D:8      | Reached skill level 5 in Bows
 10212 | D:8      | Reached skill level 5 in Crossbows
 10212 | D:8      | Reached skill level 5 in Throwing
 10212 | D:8      | Reached skill level 5 in Armour
 10212 | D:8      | Reached skill level 5 in Shields
 10212 | D:8      | Reached skill level 5 in Unarmed Combat
 10212 | D:8      | Reached skill level 5 in Evocations
 10483 | D:8      | Noticed bmj180's ghost (novice DrCj)
 10484 | D:8      | Noticed a five-headed hydra
 10501 | D:8      | Found a transporter.
 10570 | D:8      | Found a transporter.
 10595 | D:8      | Found a radiant altar of Vehumet.
 10824 | D:8      | Found a shimmering altar of Xom.
 10825 | D:8      | Found a hazy altar of Hepliaklqana.
 10826 | D:8      | Noticed a spectral ugly thing
 11006 | D:9      | Found a burning altar of Makhleb.
 11070 | D:9      | Found a staircase to the Lair.
 11194 | D:9      | Reached ** piety under Okawaru
 11636 | D:10     | Entered Level 10 of the Dungeon
 11934 | D:10     | Killed from afar by a vampire

Illustrated notes

Levels and vault maps discovered:
D:1:      dpeg_arrival_pits, layout_basic
D:2:      layout_basic, serial_glass, glass_columns_a, glass_columns_b,
          first_ration, uniq_natasha, uniq_jessica
D:3:      layout_basic, lemuel_crystal_altar, ebering_ghost_disaster_area,
          dk_noncrumbling_2
D:4:      layout_loops_cross, gammafunk_temple_overflow_claw,
          portal_sewer_entry_e, uniq_menkaure, uniq_crazy_yiuf_cottage
D:5:      minmay_chambers_of_threes, layout_basic, overflow_temple_1_default,
          overflow_temple_1_default, eat_drink_and_be_merry_uskayaw,
          nicolae_ossuary_entry_ruins, uniq_duvessa
D:6:      layout_basic, led_sif_pool, grunt_dithmenos_smoke
D:7:      layout_basic, lemuel_zombie_altar_yredelemnul, tso_altar,
          minmay_temple_entry_stoned_glass
D:8:      layout_cave_pools, regret_index_temple_of_mockery,
          vehumet_altar_wand_db, gammafunk_ghost_arena
D:9:      layout_cave_pools, dpeg_oklobed_lair, basic_altar
D:10:     minmay_distorted_concentric_squares, layout_irregular_city,
          uniq_nergalle
Temple:   nicolae_temple_figure_zero

Skill      XL: |  1  2  3  4  5  6  7  8  9 10 |
---------------+-------------------------------+-----
Spellcasting   | 5 6 7 |  7.5
Invocations    | 1 2 3 4 5 6 |  6.0
Fighting       | 1 2 3 4 5 |  5.5
Short Blades   | 1 2 3 4 5 |  5.5
Long Blades    | 1 2 3 4 5 |  5.5
Axes           | 1 2 3 4 5 |  5.5
Maces & Flails | 1 2 3 4 5 |  5.5
Polearms       | 1 2 3 4 5 |  5.5
Staves         | 1 2 3 4 5 |  5.5
Slings         | 1 2 3 4 5 |  5.5
Bows           | 1 2 3 4 5 |  5.5
Crossbows      | 1 2 3 4 5 |  5.5
Throwing       | 1 2 3 4 5 |  5.5
Armour         | 1 2 3 4 5 |  5.5
Shields        | 1 2 3 4 5 |  5.5
Unarmed Combat | 1 2 3 4 5 |  5.5
Evocations     | 1 2 3 4 5 |  5.5
Hexes          | 1 2 3 4 |  4.5
Charms         | 1 2 3 4 |  4.5
Summonings     | 1 2 3 4 |  4.5
Necromancy     | 1 2 3 4 |  4.5
Translocations | 1 2 3 4 |  4.5
Transmutations | 1 2 3 4 |  4.5
Fire Magic     | 1 2 3 4 |  4.5
Ice Magic      | 1 2 3 4 |  4.5
Air Magic      | 1 2 3 4 |  4.5
Earth Magic    | 1 2 3 4 |  4.5
Poison Magic   | 1 2 3 4 |  4.5
Dodging        | 5 6 7 |  7.2
Stealth        | 5 6 7 |  7.0
Conjurations   | 8 |  8.5

Action                   |  1- 3 |  4- 6 |  7- 9 | 10-12 || total
-------------------------+-------+-------+-------+-------++-------
Melee: Club              |       |    91 |   130 |       ||   221
       Unarmed           |       |     4 |       |       ||     4
       Bite              |       |     6 |    12 |     2 ||    20
       Dagger            |       |       |    17 |       ||    17
       Hand axe          |       |       |    14 |    19 ||    33
       Punch             |       |       |       |     1 ||     1
 Fire: Hunting sling     |       |       |   292 |   228 ||   520
 Cast: Magic Dart        |    46 |    13 |     5 |       ||    64
       Searing Ray       |     2 |    10 |    15 |       ||    27
       Dazzling Flash    |       |     2 |    15 |       ||    17
Invok: Heroism           |       |       |       |     2 ||     2
Evoke: Wand              |       |       |     1 |       ||     1
  Use: Scroll            |       |       |     2 |     4 ||     6
       Potion            |       |       |       |     1 ||     1
 Stab: Sleeping          |       |     8 |     1 |       ||     9
       Invisible         |       |     1 |     2 |       ||     3
       Paralysed         |       |       |     2 |       ||     2
  Eat: Chunk             |     1 |     8 |    17 |     6 ||    32
       Ration            |       |       |     1 |       ||     1
Armor: Robe              |       |    18 |    24 |       ||    42
       Ring mail         |       |       |    16 |    20 ||    36
Dodge: Dodged            |       |    96 |   212 |    51 ||   359

Table legend:
 A = Non-vault XP
 B = Vault XP
 C = Vault XP percentage of total XP
 D = Non-vault monster count
 E = Vault monster count
 F = Vault count percentage of total count
                 A         B        C        D         E       F
            +---------+---------+-------+---------+---------+-------
      Total |    6830 |    1488 |  17.9 |     209 |      93 |  30.8
            +---------+---------+-------+---------+---------+-------
        D:1 |      49 |       0 |   0.0 |      27 |       0 |   0.0
        D:2 |     283 |      72 |  20.3 |      31 |       2 |   6.1
        D:3 |      61 |       0 |   0.0 |      24 |       0 |   0.0
        D:4 |     410 |     232 |  36.1 |      15 |      10 |  40.0
        D:5 |     151 |     645 |  81.0 |      14 |      14 |  50.0
        D:6 |    1056 |       0 |   0.0 |      16 |       0 |   0.0
        D:7 |     970 |       2 |   0.2 |      15 |       2 |  11.8
        D:8 |    1627 |       1 |   0.1 |      24 |       1 |   4.0
        D:9 |    1240 |       0 |   0.0 |      26 |       0 |   0.0
       D:10 |     983 |       0 |   0.0 |      17 |       0 |   0.0
      Sewer |       0 |     363 | 100.0 |       0 |      48 | 100.0
    Ossuary |       0 |     173 | 100.0 |       0 |      16 | 100.0
            +---------+---------+-------+---------+---------+-------
